[Event "*** Titled Tuesday Blitz"]
[Site "Chess.com"]
[Date "2020.11.10"]
[Round "5"]
[White "Nara_Kh"]
[Black "biostatistician"]
[Result "1-0"]
[WhiteElo "2369"]
[BlackElo "2514"]
[TimeControl "180+1"]
[EndTime "11:02:17 PST"]
[Termination "Nara_Kh won by resignation"]

1. e4 e6 2. d4 d5 3. Nd2 Nc6 4. Ngf3 Nf6 5. e5 Ne4 6. Bd3 Nxd2 7. Bxd2 Nb4 8. Be2 c5 9. c3 Nc6 10. O-O Bd7 11. Rc1 Rc8 12. Bd3 cxd4 13. cxd4 Be7 14.
a3 O-O 15. Re1 Qb6 16. Bc3 Na5 17. h4 Bb5 18. Bb1 Bc4 19. Qc2 g6 20. h5 Nb3 21.
Rcd1 Kg7 22. Re3 Rh8 23. Rde1 Rcg8 24. Qd1 g5 25. Nh2 h6 26. Rg3 Kf8 27. Ng4 a5 28. Rf3 a4 29. Nf6 Bxf6 30. Rxf6 Ke7 31. Re3 Rg7 32.
Ref3 Qb5 33. Rg3 Be2 34. Qe1 Bxh5 35. f4 g4 36. f5 Rhg8 37. fxe6 fxe6 38. Qf2 Qe8 39.
Rxh6 Kd7 40. Rf6 Kc7 41. Bb4 Kb6 42. Bd6 Qc6 43. Bc2 Ka7 44. Bxb3 axb3 45. Rxb3 g3 46.
Qd2 Rc8 47. Qa5+ Qa6 48. Bc5+ Ka8 49. Qxa6+ bxa6 50. Rxe6 Be2 51. Rbb6 Rh8 52. Rh6 Rgh7 53. Rxh7 Rxh7 54. Rg6 Rf7 55. Rxg3 Rf1+ 56. Kh2 Rb1 57.
Rg8+ Kb7 58. b4 Kc6 59. Rg7 Rb3 60. Rg6+ Kb5 61. Rb6+ Kc4 62. e6 Re3 63. e7 Bh5 64.
Rxa6 Re2 65. Rh6 Bf3 66. Rg6 Bh5 67. Rg8 Kb3 68. Kh3 Kxa3 69. Kh4 Bf7 70. Rf8 Bg6 71. Kg5 Rxg2+ 72. Kh6 Ka4 73. e8=Q+ Bxe8 74. Rxe8 Kb5 75. Rb8+ Kc4 76. Rd8 Rg1 77. Kh7 Rg2 78. Rg8 Rh2+ 79. Kg7 Kb5 80. Kf7 Kc6 81. Ke6 Re2+ 82. Kf5 Rf2+ 83. Ke5 Re2+ 84. Kf4 Rf2+ 85. Ke3 Rf1 86. Rg6+ Kb5 87. Rb6+ Kc4 88. Rb8 Re1+ 89. Kd2 Rb1 90. b5 Rb2+ 91. Kc1 Kc3 92. b6 Rh2 93. Kd1 Kd3 94. Ke1 Ke3 95. Re8+ Kd3 96. Kf1 Rb2 97. Re6 Kc4 98. Ke1 Kd3 99. Re7 Kc4 100. Re2 Rb1+ 101. Kf2 Kd3 102. Re3+ Kc4 103. Re6 Kd3 104. Kf3 Rf1+ 105.
Kg2 Rg1+ 106. Kxg1 1-0

[Event "*** Titled Tuesday Blitz"]
[Site "Chess.com"]
[Date "2020.11.10"]
[Round "5"]
[White "A-S-00"]
[Black "parintele_chess"]
[Result "1/2-1/2"]
[WhiteElo "2346"]
[BlackElo "2152"]
[TimeControl "180+1"]
[EndTime "11:02:19 PST"]
[Termination "Game drawn by 50-move rule"]

1. c4 e5 2. Nc3 Nf6 3. g3 c6 4. Bg2 d5 5. cxd5 cxd5 6. d4 e4 7. e3 Bb4 8. Ne2 Nc6 9. O-O Be6 10. Qb3 O-O 11. a3 Bxc3 12. Nxc3 Na5 13. Qd1 Rc8 14. f3 Rxc3 15. bxc3 Nc4 16. a4 Qa5 17. Qb3 b6 18. Qb4 Rb8 19. Qxa5 bxa5 20. fxe4 dxe4 21. Rxf6 gxf6 22. Bxe4 Rb3 23. Kf2 Rxc3 24. Rb1 Bd7 25. Bd5 Rc2+ 26. Kf3 Bxa4 27. e4 Nd2+ 28. Bxd2 Rxd2 29.
Ke3 Rxh2 30. Rb7 Bd1 31. Rxf7 Kh8 32. Rxf6 a4 33. Rf8+ Kg7 34. Rf7+ Kg6 35. Rxa7 Rg2 36. e5 Rxg3+ 37. Kd2 Bf3 38. Bf7+ Kf5 39. Rxa4 Be4 40. e6 Kf6 41. Ra7 Bd5 42. Ra6 h5 43. e7+ Kxe7 44. Bxd5 h4 45. Rh6 Rg4 46. Bf3 Rxd4+ 47. Ke3 Rb4 48. Kf2 Kf7 49. Kg2 Kg7 50. Rh5 Kg6 51. Rd5 Rc4 52. Kh3 Rf4 53. Bg4 Rf2 54.
Kxh4 Rh2+ 55. Kg3 Rh1 56. Rd6+ Kg5 57. Rd5+ Kg6 58. Kf4 Rf1+ 59. Bf3 Rc1 60. Rd6+ Kf7 61. Kf5 Ke7 62. Re6+ Kd7 63. Rh6 Rc5+ 64. Kf4 Ke7 65. Be4 Kd7 66. Bf5+ Ke7 67. Ke4 Ra5 68. Kf4 Kf7 69.
Rh7+ Kf6 70. Rh6+ Kg7 71. Rc6 Kf7 72. Kg5 Ke7 73. Re6+ Kf7 74. Rc6 Ke7 75. Rc7+ Kd6 76.
Rd7+ Kc6 77. Rd3 Rc5 78. Kf6 Rc4 79. Be6 Rf4+ 80. Ke5 Rf1 81. Bd7+ Kc7 82. Be6 Re1+ 83. Kd5 Kd8 84. Kd6 Ke8 85. Rd4 Kf8 86. Rf4+ Kg7 87. Rg4+ Kf6 88. Rf4+ Kg5 89. Rf5+ Kg6 90. Rf3 Kg5 91. Ke7 Rd1 92. Rf5+ Kg6 93. Rf4 Kg5 94. Rf5+ Kg6 95. Rf2 Kg5 96. Rg2+ Kf4 97. Kf6 Ke4 98.
Rg4+ Kf3 99. Kf5 Re1 100. Bd5+ Kf2 101. Rg2+ Ke3 102. Rg4 Kd2 103. Rd4+ Kc3 104. Rf4 1/2-1/2

[Event "*** Titled Tuesday Blitz"]
[Site "Chess.com"]
[Date "2020.11.10"]
[Round "6"]
[White "andriipalchuk"]
[Black "tlomigtlis"]
[Result "0-1"]
[WhiteElo "2444"]
[BlackElo "2603"]
[TimeControl "180+1"]
[EndTime "11:03:33 PST"]
[Termination "tlomigtlis won by resignation"]

1. d4 d5 2. c4 c6 3. Nc3 Nf6 4.
e3 e6 5. Nf3 a6 6. b3 Bb4 7.
Bb2 Ne4 8. Qc2 Qa5 9. Rc1 Qxa2 10. Kd1 Bxc3 11. Bxc3 Nxf2+ 0-1

[Event "*** Titled Tuesday Blitz"]
[Site "Chess.com"]
[Date "2020.11.10"]
[Round "6"]
[White "RestartingChess"]
[Black "jens1102"]
[Result "0-1"]
[WhiteElo "2549"]
[BlackElo "2384"]
[TimeControl "180+1"]
[EndTime "11:04:56 PST"]
[Termination "jens1102 won by checkmate"]

1. e4 e5 2. Nf3 Nc6 3. Bc4 Bc5 4.
c3 Nf6 5. O-O O-O 6. d4 exd4 7.
e5 d5 8. exf6 dxc4 9. fxg7 Re8 10. cxd4 Nxd4 11. Nxd4 Qxd4 12. Qh5 Qxf2+ 13. Rxf2 Re1# 0-1

[Event "*** Titled Tuesday Blitz"]
[Site "Chess.com"]
[Date "2020.11.10"]
[Round "6"]
[White "suyu28"]
[Black "grunbergmihai"]
[Result "1-0"]
[WhiteElo "2634"]
[BlackElo "2466"]
[TimeControl "180+1"]
[EndTime "11:04:59 PST"]
[Termination "suyu28 won by resignation"]

1. e4 Nf6 2. e5 Nd5 3. Nc3 Nxc3 4. dxc3 d5 5. Nf3 c5 6. Bd3 Bg4 7. O-O Nc6 8. Re1 e6 9. Bf4 Be7 10. Be2 Qc7 11. a4 Rd8 12. Nd2 Bxe2 13. Qxe2 O-O 14. Qg4 Kh8 15. Re3 Rg8 16. Rh3 g6 17. Rxh7+ 1-0

[Event "*** Titled Tuesday Blitz"]
[Site "Chess.com"]
[Date "2020.11.10"]
[Round "6"]
[White "AlexSuv"]
[Black "anpospan"]
[Result "1/2-1/2"]
[WhiteElo "2585"]
[BlackElo "2436"]
[TimeControl "180+1"]
[EndTime "11:05:16 PST"]
[Termination "Game drawn by agreement"]

1. d4 Nf6 2. c4 b6 3. Nc3 Bb7 4. Nf3 e6 5. a3 d6 6. Bg5 Be7 7. e3 Ne4 8. Bxe7 Qxe7 9. Nxe4 Bxe4 10. Bd3 Bxd3 11. Qxd3 Nd7 12. O-O O-O 13. b4 a5 14. b5 e5 15. Nd2 f5 16. Nb1 e4 17.
Qe2 Rae8 18. Nc3 Nf6 19. Rae1 Qf7 20. f3 Qh5 1/2-1/2

[Event "*** Titled Tuesday Blitz"]
[Site "Chess.com"]
[Date "2020.11.10"]
[Round "6"]
[White "RamyresCoelho"]
[Black "Smile2005"]
[Result "1-0"]
[WhiteElo "2091"]
[BlackElo "2379"]
[TimeControl "180+1"]
[EndTime "11:05:35 PST"]
[Termination "RamyresCoelho won by checkmate"]

1. e4 d5 2. exd5 Nf6 3. Nf3 Nxd5 4. Be2 Bg4 5. O-O e6 6. Nc3 Be7 7. h3 Bh5 8. Ne5 Bxe2 9. Qxe2 O-O 10. d4 Nd7 11. f4 Nxc3 12. bxc3 Nxe5 13. fxe5 c5 14. Qg4 g6 15. Bh6 Re8 16. Qf3 Rf8 17. Bxf8 Qxf8 18. Kh1 cxd4 19. cxd4 b6 20. Rf2 Bh4 21. g3 Bg5 22.
Raf1 Qh6 23. Qxf7+ Kh8 24. h4 Bxh4 25. gxh4 Qxh4+ 26. Rh2 Qe4+ 27. Qf3 Qxd4 28. Qxa8+ Kg7 29. Qf8# 1-0

[Event "*** Titled Tuesday Blitz"]
[Site "Chess.com"]
[Date "2020.11.10"]
[Round "6"]
[White "PetrolulSah"]
[Black "Nemsko"]
[Result "1-0"]
[WhiteElo "2225"]
[BlackElo "2354"]
[TimeControl "180+1"]
[EndTime "11:05:42 PST"]
[Termination "PetrolulSah won by resignation"]

1. d4 Nf6 2. c4 e6 3. g3 d5 4. Nf3 Bb4+ 5. Bd2 Be7 6. Bg2 O-O 7. O-O b6 8. cxd5 exd5 9. Nc3 c6 10. Ne5 Bf5 11. Rc1 Qd6 12. Bf4 Qe6 13. Na4 Nh5 14. Bd2 Rc8 15. e4 Bg6 16. exd5 cxd5 17. Rxc8+ Qxc8 18. Bxd5 Na6 19. Bxa8 Qxa8 20. Nxg6 hxg6 21. Qe2 1-0

[Event "*** Titled Tuesday Blitz"]
[Site "Chess.com"]
[Date "2020.11.10"]
[Round "6"]
[White "mirciulica14"]
[Black "IrishMonkey"]
[Result "1-0"]
[WhiteElo "2635"]
[BlackElo "2468"]
[TimeControl "180+1"]
[EndTime "11:05:44 PST"]
[Termination "mirciulica14 won by resignation"]

1. d4 d5 2. c4 dxc4 3. e4 e6 4.
Bxc4 Nc6 5. Nf3 Nge7 6. O-O g6 7. Nc3 Na5 8. Be2 a6 9. h4 Bg7 10. h5 h6 11. hxg6 Nxg6 12. e5 Bd7 13. Be3 Qe7 14.
a3 O-O-O 15. b4 Nc6 16. b5 axb5 17. Bxb5 Na7 18. Bxd7+ Rxd7 19. d5 exd5 20. Bxa7 1-0

[Event "*** Titled Tuesday Blitz"]
[Site "Chess.com"]
[Date "2020.11.10"]
[Round "6"]
[White "Rakhimzhan_Alen"]
[Black "Marcin"]
[Result "1/2-1/2"]
[WhiteElo "2629"]
[BlackElo "2486"]
[TimeControl "180+1"]
[EndTime "11:05:47 PST"]
[Termination "Game drawn by agreement"]

1. d4 Nf6 2. c4 g6 3. Nc3 Bg7 4. e4 d6 5. Be2 O-O 6. Bg5 c5 7.
d5 a6 8. a4 Nbd7 9. Nf3 e6 10.
O-O h6 11. Bd2 exd5 12. exd5 Ng4 13. Qc2 Kh7 14. Rae1 Nde5 15. Nxe5 Bxe5 16. g3 Nxh2 17. Kxh2 Qh4+ 18. Kg1 Bxg3 19. fxg3 Qxg3+ 20. Kh1 Qh3+ 21. Kg1 Qg3+ 1/2-1/2

[Event "*** Titled Tuesday Blitz"]
[Site "Chess.com"]
[Date "2020.11.10"]
[Round "6"]
[White "Unknown_IM"]
[Black "KaterinaMiroshnik"]
[Result "1-0"]
[WhiteElo "2386"]
[BlackElo "2556"]
[TimeControl "180+1"]
[EndTime "11:05:57 PST"]
[Termination "Unknown_IM won by resignation"]

1. e4 e6 2. d4 d5 3. e5 c5 4. c3 Nc6 5. Nf3 Nge7 6. a3 Nf5 7. Bd3 cxd4 8. Bxf5 exf5 9. cxd4 Be6 10. Nc3 Be7 11. O-O O-O 12. g3 h6 13. h4 a6 14. Be3 Rc8 15. Ne2 g5 16. hxg5 hxg5 17.
Qd2 g4 18. Ng5 Kg7 19. Nxe6+ fxe6 20. Bh6+ Kf7 21. Bxf8 Qxf8 22. Kg2 Qg7 23. Rh1 Bg5 24. Nf4 Ke7 25. Rh5 Rf8 26. Rxg5 Qf7 27. Ng6+ 1-0

[Event "*** Titled Tuesday Blitz"]
[Site "Chess.com"]
[Date "2020.11.10"]
[Round "6"]
[White "ZverevLev"]
[Black "CzechmVIII"]
[Result "1-0"]
[WhiteElo "2268"]
[BlackElo "2132"]
[TimeControl "180+1"]
[EndTime "11:06:04 PST"]
[Termination "ZverevLev won by resignation"]

1. e4 c5 2. Nf3 d6 3. d4 cxd4 4.
Nxd4 Nf6 5. Nc3 g6 6. Be3 Bg7 7. f3 Nc6 8. Bc4 O-O 9. h4 h5 10. Qd2 Bd7 11. O-O-O Rc8 12. Bb3 Ne5 13. Bh6 Nc4 14.
Bxc4 Rxc4 15. Bxg7 Kxg7 16. g4 hxg4 17. h5 Rh8 18.
hxg6 fxg6 19. Rxh8 Qxh8 20. Qe2 gxf3 21. Qxc4 1-0

[Event "*** Titled Tuesday Blitz"]
[Site "Chess.com"]
[Date "2020.11.10"]
[Round "6"]
[White "MPGM"]
[Black "RobertoJBM"]
[Result "1-0"]
[WhiteElo "2480"]
[BlackElo "2764"]
[TimeControl "180+1"]
[EndTime "11:06:16 PST"]
[Termination "MPGM won by resignation"]

1. d4 d5 2. c4 c6 3. Nf3 Nf6 4. g3 dxc4 5. Bg2 b5 6. O-O Bb7 7. b3 cxb3 8. Qxb3 a6 9. Rd1 e6 10. Bg5 Nbd7 11. Nc3 h6 12. Bxf6 Nxf6 13. Ne5 Rc8 14. a4 Qb6 15. Rac1 Be7 16. Ne4 Nxe4 17. Bxe4 c5 18. Qf3 Bxe4 19. Qxf7+ Kd8 20. dxc5+ 1-0

[Event "*** Titled Tuesday Blitz"]
[Site "Chess.com"]
[Date "2020.11.10"]
[Round "6"]
[White "Matibar"]
[Black "juancruzarias"]
[Result "1-0"]
[WhiteElo "2773"]
[BlackElo "2584"]
[TimeControl "180+1"]
[EndTime "11:06:20 PST"]
[Termination "Matibar won by resignation"]

1. e4 e6 2. d4 d5 3. Nc3 Nf6 4. Bg5 Bb4 5. e5 h6 6. Bh4 g5 7. Bg3 Ne4 8. Ne2 h5 9. f3 Nxc3 10. bxc3 Be7 11. Bf2 b6 12. f4 g4 13. h3 Rg8 14.
hxg4 hxg4 15. Ng3 Ba6 16. Bxa6 Nxa6 17. Qd3 Qc8 18. Qh7 Rf8 19. f5 c5 20. f6 Bd8 21.
Qg7 Bc7 22. Qxf8+ 1-0

[Event "*** Titled Tuesday Blitz"]
[Site "Chess.com"]
[Date "2020.11.10"]
[Round "6"]
[White "Paladin61"]
[Black "annacramling"]
[Result "1-0"]
[WhiteElo "2533"]
[BlackElo "2034"]
[TimeControl "180+1"]
[EndTime "11:06:23 PST"]
[Termination "Paladin61 won by resignation"]

1. b3 e5 2. Bb2 Nc6 3. e3 Nf6 4. Bb5 Bd6 5. Na3 O-O 6. Nc4 Qe7 7. Ne2 a6 8. Nxd6 Qxd6 9. Bxc6 dxc6 10. O-O Be6 11.
f4 e4 12. Bxf6 gxf6 13. Ng3 f5 14.
Qh5 Qxd2 15. Qg5+ Kh8 16. Qf6+ Kg8 17. Nh5 Qxe3+ 18. Kh1 1-0

[Event "*** Titled Tuesday Blitz"]
[Site "Chess.com"]
[Date "2020.11.10"]
[Round "6"]
[White "RaneshRatnesan"]
[Black "LittleMyMoomin"]
[Result "0-1"]
[WhiteElo "2087"]
[BlackElo "1852"]
[TimeControl "180+1"]
[EndTime "11:06:28 PST"]
[Termination "LittleMyMoomin won by resignation"]

1. d4 Nf6 2. c4 e6 3. Nc3 Bb4 4.
Qc2 O-O 5. a3 Bxc3+ 6. Qxc3 c5 7. Nf3 b6 8. Bg5 Bb7 9. e3 d6 10. Be2 Nbd7 11. Rd1 h6 12. Bh4 g5 13. Bg3 Ne4 14. Qc2 Qe7 15. d5 f5 16. dxe6 Qxe6 17.
O-O Ne5 18. Rd2 Rad8 19. Rfd1 Nxd2 20. Rxd2 Nxf3+ 21. Bxf3 Bxf3 22. gxf3 f4 23. exf4 gxf4 24. Bh4 Qe1+ 25. Kg2 Rd7 26. Rd1 Rg7+ 27. Kh3 Qe6+ 0-1

[Event "*** Titled Tuesday Blitz"]
[Site "Chess.com"]
[Date "2020.11.10"]
[Round "6"]
[White "kidagent"]
[Black "dennisodessa"]
[Result "0-1"]
[WhiteElo "2305"]
[BlackElo "2461"]
[TimeControl "180+1"]
[EndTime "11:06:30 PST"]
[Termination "dennisodessa won by resignation"]

1. e4 e6 2. d4 d5 3. Nc3 Nc6 4. Nf3 Nf6 5. e5 Ne4 6. Bb5 Bb4 7. Bd2 Nxd2 8. Qxd2 O-O 9. O-O Bd7 10. Bd3 f6 11.
exf6 Qxf6 12. a3 Bd6 13. Rae1 Rae8 14. Ne2 e5 15. dxe5 Nxe5 16. Nxe5 Bxe5 17. c3 c6 18. Ng3 Qh4 19. Re2 Re6 20. Rfe1 Rh6 21. Qxh6 Qxh6 22. Rxe5 Qd2 23. Bf5 Bxf5 24. Nxf5 Rxf5 0-1

[Event "*** Titled Tuesday Blitz"]
[Site "Chess.com"]
[Date "2020.11.10"]
[Round "6"]
[White "PlotnikovPavel"]
[Black "Tenamu"]
[Result "1-0"]
[WhiteElo "2461"]
[BlackElo "2310"]
[TimeControl "180+1"]
[EndTime "11:06:31 PST"]
[Termination "PlotnikovPavel won by resignation"]

1. e4 e6 2. d4 d5 3. Nd2 Nf6 4. e5 Nfd7 5. Ngf3 c5 6. c3 Nc6 7. Bd3 Qb6 8. O-O cxd4 9. cxd4 Nxd4 10. Nxd4 Qxd4 11. Nf3 Qb6 12. Be3 Bc5 13. Bf4 h6 14. Qc2 Be7 15. Be3 Bc5 16. Bf4 Be7 17. a3 Qc6 18.
Qd2 b5 19. Rac1 Qb7 20. Nd4 a6 21. Nc6 Nb6 22. Na5 Qd7 23. b3 Bb7 24. Be3 Bd8 25.
Qb4 1-0

[Event "*** Titled Tuesday Blitz"]
[Site "Chess.com"]
[Date "2020.11.10"]
[Round "6"]
[White "Ze-Pequeno"]
[Black "MartinMatthiesen"]
[Result "0-1"]
[WhiteElo "2252"]
[BlackElo "2418"]
[TimeControl "180+1"]
[EndTime "11:06:36 PST"]
[Termination "MartinMatthiesen won by resignation"]

1. e4 c5 2. Nf3 d6 3. d4 cxd4 4. Nxd4 Nf6 5. Nc3 a6 6. f4 e5 7.
Nf3 Nbd7 8. a4 Be7 9. Bd3 O-O 10. O-O exf4 11. Kh1 Nc5 12. Bxf4 Bg4 13. Qe1 Bh5 14.
Nd4 Bg6 15. Bg3 Re8 16. Nf5 Bf8 17. Bh4 Ncd7 18. Nd5 Re6 19. Nd4 Re5 20. Nf3 Re8 21. Qb4 Nxd5 0-1

[Event "*** Titled Tuesday Blitz"]
[Site "Chess.com"]
[Date "2020.11.10"]
[Round "6"]
[White "VinzentSpitzl"]
[Black "KarstenHansch"]
[Result "1-0"]
[WhiteElo "2331"]
[BlackElo "2508"]
[TimeControl "180+1"]
[EndTime "11:06:39 PST"]
[Termination "VinzentSpitzl won by resignation"]

1. e4 c6 2. Nf3 d5 3. Nc3 dxe4 4. Nxe4 Nf6 5. Qe2 Nxe4 6. Qxe4 Qd5 7. Qh4 Nd7 8. Bc4 Qa5 9. O-O e6 10. d4 Nf6 11. Bg5 Be7 12. c3 h6 13. Bd2 Qh5 14. Qxh5 Nxh5 15. b4 Nf6 16. a4 Ne4 17. Bd3 Nxd2 18.
Nxd2 b6 19. b5 Bb7 20. Be4 Rc8 21. a5 Bd8 22. Nc4 Ke7 23. axb6 Bxb6 24. Nxb6 axb6 25. Ra7 Rc7 26. bxc6 Ra8 27. cxb7 1-0

[Event "*** Titled Tuesday Blitz"]
[Site "Chess.com"]
[Date "2020.11.10"]
[Round "6"]
[White "penguingm1"]
[Black "AvitalBor"]
[Result "1-0"]
[WhiteElo "2843"]
[BlackElo "2686"]
[TimeControl "180+1"]
[EndTime "11:06:47 PST"]
[Termination "penguingm1 won by resignation"]

1. d4 Nf6 2. c4 e6 3. Nc3 Bb4 4. Qc2 d5 5. cxd5 exd5 6. Bg5 O-O 7. e3 c6 8. Bd3 h6 9. Bh4 Be7 10. Nge2 Ng4 11. Bg3 Nd7 12. O-O Re8 13. Nxd5 Bh4 14.
Ndc3 Bxg3 15. Nxg3 Qh4 16. h3 Nxe3 17. fxe3 Qxg3 18.
Rf3 Qg5 19. Qf2 Nf6 20. Rg3 1-0

[Event "*** Titled Tuesday Blitz"]
[Site "Chess.com"]
[Date "2020.11.10"]
[Round "6"]
[White "mr65"]
[Black "AlphaZ3r0"]
[Result "1/2-1/2"]
[WhiteElo "2209"]
[BlackElo "2380"]
[TimeControl "180+1"]
[EndTime "11:06:55 PST"]
[Termination "Game drawn by repetition"]

1. e4 c5 2. Nf3 e6 3. d4 cxd4 4. c3 Nc6 5. cxd4 d5 6. e5 Nh6 7. Bxh6 gxh6 8. Bd3 Qb6 9. Nc3 Qxb2 10. Nb5 Qb4+ 11. Kf1 Qa5 12. Nd6+ Bxd6 13. exd6 Qb4 14. Rb1 Qxd6 15. Ne5 Nxe5 16. dxe5 Qxe5 17. Bb5+ Kf8 18. Qd2 Kg7 19. Rb3 Qa1+ 20. Ke2 Qxh1 21. Rg3+ Kf6 22.
Qf4+ Ke7 23. Qc7+ Kf6 24. Qf4+ Ke7 25. Qc7+ Kf6 26. Qf4+ 1/2-1/2

[Event "*** Titled Tuesday Blitz"]
[Site "Chess.com"]
[Date "2020.11.10"]
[Round "6"]
[White "Sacbutt"]
[Black "Nikithebest"]
[Result "0-1"]
[WhiteElo "2293"]
[BlackElo "2445"]
[TimeControl "180+1"]
[EndTime "11:06:57 PST"]
[Termination "Nikithebest won by resignation"]

1. e4 c5 2. Nf3 d6 3. d4 cxd4 4. Nxd4 Nf6 5. Nc3 g6 6. Be3 a6 7. Qd2 b5 8. f3 Bb7 9. O-O-O Nbd7 10. Kb1 b4 11. Nce2 e5 12. Nb3 a5 13. c3 d5 14.
exd5 a4 15. Nbc1 Nxd5 16. c4 Nxe3 17. Qxe3 Bg7 18. Ng3 O-O 19. h4 e4 20. Nxe4 a3 21.
Nb3 Bxe4+ 22. Qxe4 Qf6 23. Qd4 Ne5 24. bxa3 Rad8 0-1

[Event "*** Titled Tuesday Blitz"]
[Site "Chess.com"]
[Date "2020.11.10"]
[Round "6"]
[White "Ermito2020"]
[Black "Oligan22"]
[Result "1-0"]
[WhiteElo "2587"]
[BlackElo "2429"]
[TimeControl "180+1"]
[EndTime "11:07:08 PST"]
[Termination "Ermito2020 won by resignation"]

1. e4 c6 2. d4 d5 3. e5 Bf5 4. Nf3 e6 5. Be2 Nd7 6. O-O Ne7 7. Nbd2 Ng6 8. Ne1 h5 9. f4 c5 10. c3 Be7 11. Bd3 Bxd3 12. Nxd3 cxd4 13. cxd4 Qb6 14. Nf3 Nh4 15. Be3 Nf5 16. Bf2 Rc8 17. Rc1 O-O 18.
Qd2 Nb8 19. Nc5 Nxd4 20. Bxd4 Bxc5 21. Rxc5 Rxc5 22. b4 Qa6 23. Bxc5 Rc8 24. f5 b6 25. Bd6 Nd7 26. fxe6 fxe6 1-0

[Event "*** Titled Tuesday Blitz"]
[Site "Chess.com"]
[Date "2020.11.10"]
[Round "6"]
[White "Oneofmyturns"]
[Black "Azerichess"]
[Result "0-1"]
[WhiteElo "2732"]
[BlackElo "2967"]
[TimeControl "180+1"]
[EndTime "11:07:14 PST"]
[Termination "Azerichess won by resignation"]

1. d4 d5 2. c4 c5 3. cxd5 Qxd5 4. Nf3 cxd4 5. Nc3 Qa5 6. Nxd4 Nf6 7. Nb3 Qc7 8. g3 e5 9. Bg2 Bb4 10. O-O Bxc3 11.
bxc3 O-O 12. Bg5 Be6 13. Bxf6 gxf6 14. f4 Nd7 15. Rc1 Rac8 16. e3 Qb6 17. Qf3 Rfd8 18. Kh1 Nc5 19. fxe5 fxe5 20. Nxc5 Qxc5 21. Bh3 Qc6 22.
e4 Bxh3 23. Qxf7+ Kh8 0-1

[Event "*** Titled Tuesday Blitz"]
[Site "Chess.com"]
[Date "2020.11.10"]
[Round "6"]
[White "zaur-mammadov"]
[Black "Lenyas66"]
[Result "1-0"]
[WhiteElo "2627"]
[BlackElo "2463"]
[TimeControl "180+1"]
[EndTime "11:07:14 PST"]
[Termination "zaur-mammadov won by checkmate"]

1. e4 e6 2. d4 d5 3. e5 c5 4.
c3 Nc6 5. Nf3 Qb6 6. Na3 cxd4 7.
cxd4 Bxa3 8. bxa3 Nge7 9. Bd3 Nf5 10. Rb1 Qa5+ 11. Bd2 Qxa3 12. Rb3 Qe7 13. O-O O-O 14.
Bg5 Qd7 15. Bb1 Na5 16. Rc3 h6 17. Bc1 Qb5 18. Qc2 g6 19. g4 Ng7 20. Bxh6 Bd7 21. Rc5 Qb6 22. Qd2 Nc4 23. Qf4 Qd8 24. Bg5 Qb6 25. Bf6 Ne8 26. Qh6 Na3 27. Qh8# 1-0

[Event "*** Titled Tuesday Blitz"]
[Site "Chess.com"]
[Date "2020.11.10"]
[Round "6"]
[White "sokidze"]
[Black "eightbyeightchess"]
[Result "1-0"]
[WhiteElo "2569"]
[BlackElo "2408"]
[TimeControl "180+1"]
[EndTime "11:07:15 PST"]
[Termination "sokidze won by resignation"]

1. e4 d5 2. exd5 Nf6 3. Nf3 Bg4 4. h3 Bh5 5. Bb5+ c6 6. dxc6 Nxc6 7. Be2 e5 8. d3 Bc5 9. O-O O-O 10. Bg5 Qb6 11. Nc3 Qxb2 12. Na4 Qa3 13. Nxc5 Qxc5 14. Bxf6 gxf6 15. Qd2 Kg7 16. Rab1 b6 17. d4 exd4 18. Rb5 Bxf3 19. Rxc5 Bxe2 20. Rxc6 Bxf1 21. Kxf1 1-0

[Event "*** Titled Tuesday Blitz"]
[Site "Chess.com"]
[Date "2020.11.10"]
[Round "6"]
[White "SHIVACalypso"]
[Black "Piotrek1979"]
[Result "0-1"]
[WhiteElo "2306"]
[BlackElo "2461"]
[TimeControl "180+1"]
[EndTime "11:07:17 PST"]
[Termination "Piotrek1979 won by resignation"]

1. Nf3 Nf6 2. c4 g6 3. g3 Bg7 4. Bg2 O-O 5. O-O d6 6. Nc3 c5 7. d3 Nc6 8. a3 Rb8 9. Rb1 a6 10. b4 cxb4 11. axb4 b5 12. cxb5 axb5 13. Bd2 e5 14. Qc1 Qb6 15. Bh6 d5 16. Bxg7 Kxg7 17.
Nd2 Be6 18. Nb3 Nxb4 19. Nd2 Qd6 20. Qa3 Rfc8 21. Rxb4 Ra8 22. Qb2 d4 23. Nxb5 Qc5 24. Bxa8 Rxa8 25. Rc1 Qe7 26. Rc7 Qd8 27. Qc1 Nd5 28.
Rbc4 Nxc7 29. Rxc7 Bh3 30. Qc4 Ra1+ 31. Qc1 Rxc1+ 32. Rxc1 Qd5 33. f3 Qxb5 0-1

[Event "*** Titled Tuesday Blitz"]
[Site "Chess.com"]
[Date "2020.11.10"]
[Round "6"]
[White "beto-betun"]
[Black "Chuchofrio1"]
[Result "0-1"]
[WhiteElo "2192"]
[BlackElo "2318"]
[TimeControl "180+1"]
[EndTime "11:07:26 PST"]
[Termination "Chuchofrio1 won by resignation"]

1. d4 d5 2. Nf3 Nf6 3. g3 b5 4. Bg2 Bb7 5. O-O e6 6. b3 Nbd7 7. Bb2 Be7 8. Nbd2 a6 9. Rc1 O-O 10. Re1 Rc8 11. Ne5 c5 12. Nxd7 Nxd7 13. dxc5 Nxc5 14.
c4 dxc4 15. bxc4 Bxg2 16. Kxg2 Qb6 17. cxb5 axb5 18. Bd4 Qb7+ 19. Kg1 Na4 20. Qb3 Rfd8 21. Nf3 Nc5 22. Ba1 Nxb3 0-1

[Event "*** Titled Tuesday Blitz"]
[Site "Chess.com"]
[Date "2020.11.10"]
[Round "6"]
[White "Yashasd1995"]
[Black "northridgehawk"]
[Result "1-0"]
[WhiteElo "2558"]
[BlackElo "2276"]
[TimeControl "180+1"]
[EndTime "11:07:28 PST"]
[Termination "Yashasd1995 won by resignation"]

1. b3 e5 2. Bb2 Nc6 3. e3 Nf6 4. Bb5 Bd6 5. Na3 Na5 6. Be2 c6 7. c4 Qe7 8. Nc2 c5 9. d4 exd4 10. exd4 O-O 11. Nf3 Re8 12. d5 b6 13. Ne3 Bf4 14.
Nf5 Qe4 15. Ng3 Bxg3 16. hxg3 Ba6 17. Kf1 h5 18. Bxf6 gxf6 19. Rxh5 Qg6 20. Nh4 Qe4 21.
Bd3 Qd4 22. Nf5 Re1+ 23. Kxe1 1-0

[Event "*** Titled Tuesday Blitz"]
[Site "Chess.com"]
[Date "2020.11.10"]
[Round "6"]
[White "catzapto"]
[Black "chessmachine14"]
[Result "0-1"]
[WhiteElo "2139"]
[BlackElo "2299"]
[TimeControl "180+1"]
[EndTime "11:07:31 PST"]
[Termination "chessmachine14 won by resignation"]

1. e4 c5 2. Nf3 e6 3. c3 Nf6 4. e5 Nd5 5. d4 cxd4 6. cxd4 d6 7.
Nc3 Nxc3 8. bxc3 Qc7 9. Qb3 Nd7 10. Bf4 b6 11. Bb5 a6 12. exd6 Bxd6 13. Bxd6 Qxd6 14. Bxd7+ Bxd7 15. Ne5 Bb5 16. a4 Bc6 17. Nxc6 Qxc6 18. O-O O-O 19. Rab1 h6 20. Rfc1 Rfb8 21. a5 b5 22. c4 bxc4 23. Qxb8+ Rxb8 24. Rxb8+ Kh7 25. Rb6 Qa4 26. Rxa6 c3 27. g3 c2 28. Ra7 Qxd4 29.
Rxc2 Qd1+ 30. Kg2 Qxc2 31. a6 Qc6+ 32. Kg1 Qb6 33. Ra8 Qb1+ 0-1

[Event "*** Titled Tuesday Blitz"]
[Site "Chess.com"]
[Date "2020.11.10"]
[Round "6"]
[White "MarceloPlaya"]
[Black "Make_it_shine060"]
[Result "1-0"]
[WhiteElo "2295"]
[BlackElo "2155"]
[TimeControl "180+1"]
[EndTime "11:07:31 PST"]
[Termination "MarceloPlaya won by resignation"]

1. e4 c5 2. Nf3 d6 3. d4 cxd4 4.
Nxd4 Nf6 5. Nc3 Nc6 6. Bg5 e6 7. Qd2 Be7 8. O-O-O O-O 9. f3 Bd7 10. h4 h6 11. Be3 a6 12. g4 b5 13. g5 Ne8 14.
gxh6 g6 15. h5 g5 16. Rg1 f6 17. f4 Nxd4 18. Bxd4 e5 19. fxe5 dxe5 20. Bxe5 fxe5 21.
Qxd7 Qb6 22. Nd5 Qxg1 23. Nxe7+ Kh7 24. Ng6+ Kxh6 25. Nxf8 Nf6 26. Qf5 Kxh5 27. Be2+ 1-0